 Dungeon Crawl Stone Soup version 0.32-a0-18-g89e19f1974 (webtiles) character file.

Game seed: 376492734065306662

18512 BubbleThief the Fighter (level 12, 0/125 (128) HPs)
             Began as a Naga Alchemist on Jan 16, 2024.
             Was an Elder of Vehumet.
             Slain by a water moccasin (7 damage)
             ... on level 4 of the Lair of Beasts.
             The game lasted 00:32:18 (12534 turns).

BubbleThief the Fighter (Naga Alchemist)           Turns: 12534, Time: 00:32:19

HP:   0/125 (128)   AC:  4    Str: 11    XL:     12   Next: 59%
MP:   3/21          EV:  9    Int: 20    God:    Vehumet [****..]
Gold: 945           SH:  6    Dex: 12    Spells: 7/23 levels left

rFire   + . .        J - +4 spear (venom)
rCold   . . .        F - +0 buckler
rNeg    . . .        a - +0 robe
rPois   +            c - +0 helmet
rElec   .            Q - +0 cloak
rCorr   .            v - +0 pair of gloves
SInv    +            (no barding)
Will    ++...        (no amulet)
Stlth   ++           u - ring of protection from fire
HPRegen 0.40/turn    T - ring of willpower
MPRegen 0.17/turn

%: no passive effects
@: corroded, lightly drained, very slow
A: AC +4, large, see invisible, deformed body, poison resistance, slowness 2,
spit poison 1, naga tail 1
a: Spit Poison, Renounce Religion


You were on level 4 of the Lair of Beasts.
You worshipped Vehumet.
Vehumet was greatly pleased with you.
You visited 2 branches of the dungeon, and saw 13 of its levels.

You collected 945 gold pieces.

Inventory:

Hand Weapons
 y - a +4 falchion
 A - a +5 halberd
 J - a +4 spear of venom (weapon)
Armour
 a - a +0 robe (worn)
 c - a +0 helmet (worn)
 v - a +0 pair of gloves (worn)
 F - a +0 buckler (worn)
 G - +0 acid dragon scales
 Q - a +0 cloak (worn)
Magical Staves
 k - a staff of fire
Jewellery
 j - a ring of ice
 u - a ring of protection from fire (left hand)
 I - a ring of resist corrosion
 T - a ring of willpower (right hand)
 U - a ring of positive energy
Talismans
 e - a granite talisman
Wands
 o - a wand of iceblast (9)
 B - a wand of digging (8)
 C - a wand of flame (8)
 K - a wand of polymorph (6)
 M - a wand of paralysis (10)
 N - a wand of mindburst (8)
Scrolls
 d - a scroll of teleportation
 f - 4 scrolls of immolation {unknown}
 g - 2 scrolls of noise {unknown}
 h - 2 scrolls of poison {unknown}
 l - a scroll of enchant armour {unknown}
 m - 8 scrolls of identify {unknown}
 n - 2 scrolls of amnesia {unknown}
 q - 3 scrolls of summoning {unknown}
 w - a scroll of revelation {unknown}
 D - a scroll of silence {unknown}
 L - a scroll of enchant weapon {unknown}
 O - a scroll of fog {unknown}
 S - a scroll of vulnerability {unknown}
Potions
 b - 4 potions of magic
 i - 4 potions of curing {unknown}
 p - a potion of heal wounds {unknown}
 r - 2 potions of lignification {unknown}
 s - a potion of invisibility {unknown}
 t - a potion of haste {unknown}
 x - a potion of brilliance {unknown}
 z - 3 potions of degeneration {unknown}
 E - a potion of cancellation {unknown}
 H - a potion of mutation {unknown}
 P - a potion of might {unknown}
Miscellaneous
 R - a condenser vane


   Skills:
 + Level 14.0 Fighting
 - Level 1.5 Dodging
 - Level 3.0 Stealth
 + Level 9.1 Shields
 - Level 6.0 Spellcasting
 - Level 1.0 Conjurations
 - Level 6.0 Fire Magic
 - Level 9.0 Alchemy


You had 7 spell levels left.
You knew the following spells:

 Your Spells              Type           Power      Damage    Failure   Level
a - Sting                 Conj/Alch      100%       1d9       1%          1
b - Mephitic Cloud        Conj/Alch/Air  19%        N/A       2%          3
c - Olgreb's Toxic Radia  Alch           42%        N/A       1%          4
d - Sticky Flame          Fire/Alch      36%        2d8       1%          4
e - Mercury Vapours       Alch/Air       48%        N/A       1%          2
f - Cigotuvi's Dreadful   Necr/Alch/Air  36%        N/A       6%          2

Your spell library contained the following spells:

 Spells                   Type           Power      Damage    Failure   Level
 Brom's Barrelling Bould  Conj/Erth      8%         2d3       26%         4
 Momentum Strike          Conj/Tloc      16%        3d8       4%          2
 Blink                    Tloc           12%        N/A       21%         2
 Lesser Beckoning         Tloc           12%        N/A       21%         2
 Fugue of the Fallen      Necr           6%         N/A       36%         3
 Gell's Gravitas          Tloc           6%         N/A       36%         3
 Ozocubu's Armour         Ice            6%         N/A       36%         3
 Teleport Other           Tloc           6%         N/A       36%         3
 Animate Dead             Necr           6%         N/A       78%         4
 Manifold Assault         Tloc           6%         N/A       78%         4
 Summon Mana Viper        Hex/Summ       6%         N/A       98%         5
 Haunt                    Necr/Summ      3%         N/A       100%        7
 Infestation              Necr           3%         N/A       100%        8
 Chain Lightning          Conj/Air       4%         3d5       100%        9
 Fire Storm               Conj/Fire      10%        8d3       100%        9
 Shatter                  Erth           3%         3d7*      100%        9


Dungeon Overview and Level Annotations

Branches:
Dungeon (8/15)             Temple (0/1) D:7            Lair (5/5) D:8
 Shoals (0/4) Lair:2        Snake (0/4) Lair:3        Slime (0/5) Lair:4

Altars:
Cheibriados
Elyvilon
Fedhas
Kikubaaqudgha
Makhleb
Okawaru
Ru
Sif Muna
Uskayaw
Vehumet
Xom
The Shining One
Jiyva

Shops:
D:3 (


Innate Abilities, Weirdness & Mutations

Your serpentine skin is tough. (AC +4)
You have supernaturally acute eyesight. (SInv)
Armour fits poorly on your strangely shaped body.
Your system is resistant to poisons. (rPois)
You cover ground very slowly.
You can spit poison.
You have a snake-like lower body.


Message History

The yak burns!
You kill the yak!
Vehumet accepts your kill.
The yak is engulfed in noxious fumes.
The yak appears confused.
The yak gores the yak!
The yak gores itself but does no damage.
The jelly hits you. The acid corrodes you!
You are splashed with acid!
* * * LOW HITPOINT WARNING * * *
You hit the jelly.
Your hands burn!
* * * LOW HITPOINT WARNING * * *
The jelly is lightly wounded.
The jelly hits you but does no damage.
Unknown command.
You completely miss the yak.
The yak is severely wounded.
The yak gores you!
* * * LOW HITPOINT WARNING * * *
The yak is engulfed in noxious fumes.
The jelly completely misses you.
Unknown command.
The yak attacks as it pursues you! You block the yak's attack.
The yak closely misses you. You block the jelly's attack.
As you read the scroll of teleportation, it crumbles to dust.
You feel strangely unstable.
The yak looks more healthy.
The yak gores you.
* * * LOW HITPOINT WARNING * * *
The yak gores itself but does no damage.
The jelly hits you but does no damage.
Unknown command.
Okay, then.
The yak attacks as it pursues you! The yak gores you but does no damage.
You block the yak's attack. The jelly hits you.
* * * LOW HITPOINT WARNING * * *
You are splashed with acid!
* * * LOW HITPOINT WARNING * * *
Your surroundings suddenly seem different.
A cane toad and a water moccasin come into view.
Found 14 gold pieces.
The cane toad gives a loud, deep croak!
The water moccasin hisses angrily.
You hear a bellow!
You hear an angry hiss.
You hear a bellow!
The water moccasin bites you!
You die...

...............
...............
...............
...............
...............
............$..
.......S.......
.......@F......
.###.#####....#
###


You could see a cane toad and a water moccasin.

Vanquished Creatures
  A two-headed ogre (D:6)
  A skyshark (Lair:4)
  3 black mambas
  A merfolk siren (Lair:2)
  10 cane toads
  Maggie (D:8)
  2 rime drakes
  11 komodo dragons
  A polar bear (Lair:3)
  3 blink frogs (Lair:2)
  A slime creature (Lair:4)
  16 yaks
  3 basilisks
  A steam dragon (D:6)
  Menkaure (D:6)
  An acid dragon (D:8)
  16 water moccasins
  2 orc warriors
  A black bear (D:5)
  An ice beast (D:7)
  A sky beast (D:6)
  2 ogres (D:6)
  A centaur (D:6)
  3 wolves (Lair:2)
  4 phantoms
  2 kobold brigands
  6 bullfrogs
  5 scorpions
  3 gnoll sergeants
  3 wights (D:6)
  2 howler monkeys
  2 bombardier beetles (D:4)
  5 hounds
  3 orc priests
  2 gnoll boudas
  4 jellies
  3 sleepcaps
  6 iguanas
  Terence (D:2)
  Natasha (thrice) (D:3)
  9 orc wizards
  16 gnolls
  8 adders
  5 white imps
  10 ufetubi
  4 ribbon worms
  2 dart slugs
  38 orcs
  4 bats
  2 endoplasms
  3 giant cockroaches
  9 goblins
  5 hobgoblins
  A jackal (D:1)
  14 kobolds
  3 quokkas
  10 ball pythons
  A frilled lizard (D:1)
  10 rats
292 creatures vanquished.

Notes
Turn   | Place    | Note
-------+----------+-------------------------------------------
     0 | D:1      | BubbleThief the Naga Alchemist began the quest for the Orb.
     0 | D:1      | Reached XP level 1. HP: 15/15 MP: 3/3
   226 | D:1      | Reached XP level 2. HP: 22/22 MP: 5/5
   820 | D:2      | Reached XP level 3. HP: 28/28 MP: 6/6
   847 | D:2      | Noticed Terence
   867 | D:2      | Learned a level 3 spell: Mephitic Cloud
  1507 | D:2      | Reached XP level 4. HP: 36/36 MP: 5/8
  1608 | D:2      | Found a blossoming altar of Fedhas.
  1629 | D:2      | Got the Codex of Gusty Leadership
  1844 | D:2      | Killed Terence
  1845 | D:2      | Reached skill level 5 in Alchemy
  2117 | D:3      | Found Yrphug's Weapon Boutique.
  2196 | D:3      | Found a white marble altar of Elyvilon.
  2304 | D:3      | Noticed Natasha
  2317 | D:3      | Killed Natasha
  2318 | D:3      | Reached XP level 5. HP: 36/42 MP: 2/10
  2338 | D:3      | Noticed Natasha
  2347 | D:3      | Killed Natasha
  2359 | D:3      | Learned a level 4 spell: Olgreb's Toxic Radiance
  2438 | D:3      | Noticed Natasha
  2444 | D:3      | Killed Natasha
  2703 | D:4      | Reached XP level 6. HP: 20/49 MP: 4/12
  2975 | D:4      | Learned a level 4 spell: Sticky Flame
  3177 | D:4      | Reached XP level 7. HP: 55/55 MP: 9/14
  3186 | D:4      | Reached skill level 5 in Spellcasting
  3344 | D:4      | Found a radiant altar of Vehumet.
  3350 | D:4      | Became a worshipper of Vehumet
  3436 | D:4      | Found a snail-covered altar of Cheibriados.
  3558 | D:5      | Entered Level 5 of the Dungeon
  3723 | D:5      | Reached skill level 1 in Fire Magic
  3844 | D:5      | Found a hide-covered altar of Uskayaw.
  3875 | D:5      | Reached XP level 8. HP: 53/62 MP: 12/16
  4224 | D:5      | Reached * piety under Vehumet
  4224 | D:5      | Offered knowledge of Sandblast by Vehumet.
  4323 | D:5      | Found a burning altar of Makhleb.
  4324 | D:5      | Noticed a blizzard demon
  4328 | D:5      | Noticed an orange demon
  4345 | D:5      | Found a glowing golden altar of the Shining One.
  4495 | D:6      | Found an iron altar of Okawaru.
  4504 | D:6      | Noticed Menkaure
  4508 | D:6      | Killed Menkaure
  4743 | D:6      | Reached skill level 5 in Fire Magic
  4924 | D:6      | Reached skill level 1 in Fighting
  4930 | D:6      | Reached XP level 9. HP: 64/70 MP: 4/18
  4992 | D:6      | Noticed a two-headed ogre
  4993 | D:6      | Reached skill level 2 in Fighting
  5230 | D:6      | Found a sacrificial altar of Ru.
  5230 | D:6      | Found a shimmering altar of Xom.
  5239 | D:6      | Reached skill level 3 in Fighting
  5384 | D:6      | Reached skill level 4 in Fighting
  5488 | D:6      | Killed a two-headed ogre
  5489 | D:6      | Reached skill level 6 in Fighting
  5610 | D:6      | Reached skill level 7 in Fighting
  5870 | D:6      | Reached ** piety under Vehumet
  5870 | D:6      | Offered knowledge of Searing Ray by Vehumet.
  5879 | D:6      | Reached skill level 8 in Fighting
  5879 | D:6      | Reached XP level 10. HP: 87/96 MP: 3/19
  6239 | D:7      | Upgraded the game from 0.32-a0-17-gb74e046682 to
                  | 0.32-a0-18-g89e19f1974
  6385 | D:7      | Reached skill level 9 in Fighting
  6394 | D:7      | Offered knowledge of Frozen Ramparts by Vehumet.
  6879 | D:7      | Found a staircase to the Ecumenical Temple.
  7209 | D:8      | Found a staircase to the Lair.
  7210 | D:8      | Reached *** piety under Vehumet
  7252 | D:8      | Found a shimmering blue altar of Sif Muna.
  7275 | D:8      | Found an ancient bone altar of Kikubaaqudgha.
  7330 | D:8      | Noticed Maggie
  7339 | D:8      | Killed Maggie
  7340 | D:8      | Reached skill level 10 in Fighting
  7361 | D:8      | Offered knowledge of Inner Flame by Vehumet.
  7854 | Lair:1   | Entered Level 1 of the Lair of Beasts
  7856 | Lair:1   | Noticed a cane toad
  7866 | Lair:1   | Reached skill level 1 in Shields
  8029 | Lair:1   | Noticed a cane toad
  8040 | Lair:1   | Killed a cane toad
  8045 | Lair:1   | Reached skill level 11 in Fighting
  8109 | Lair:1   | Reached XP level 11. HP: 70/111 MP: 10/20
  8890 | Lair:1   | Reached skill level 5 in Shields
  9223 | Lair:2   | Reached skill level 12 in Fighting
  9336 | Lair:2   | Reached **** piety under Vehumet
  9941 | Lair:2   | Found a staircase to the Shoals.
 10547 | Lair:3   | Offered knowledge of Brom's Barrelling Boulder by Vehumet.
 11007 | Lair:3   | Found a staircase to the Snake Pit.
 11018 | Lair:3   | Reached skill level 13 in Fighting
 11018 | Lair:3   | Reached XP level 12. HP: 117/126 MP: 15/21
 11988 | Lair:4   | You fall into a shaft and drop 1 floor!
 11988 | Lair:5   | Entered Level 5 of the Lair of Beasts
 12216 | Lair:4   | Noticed a skyshark
 12233 | Lair:4   | Killed a skyshark
 12487 | Lair:4   | Learned a level 2 spell: Mercury Vapours
 12490 | Lair:4   | Learned a level 2 spell: Cigotuvi's Dreadful Rot
 12505 | Lair:4   | Found a viscous altar of Jiyva.
 12506 | Lair:4   | Found a staircase to the Slime Pits.
 12522 | Lair:4   | Reached skill level 14 in Fighting
 12534 | Lair:4   | Slain by a water moccasin

Illustrated notes

Levels and vault maps discovered:
D:1:      roadster_arrival_rocket_small, layout_rooms, minmay_surrounded
D:2:      layout_loops_corners, basic_altar, uniq_terence
D:3:      layout_basic, elyvilon_altar_5, serial_shops, nicolae_shop_tiny_glass,
          uniq_natasha
D:4:      layout_rooms, mainiacjoe_overflow_paths, nicolae_vehumet_altar_sigil
D:5:      layout_basic, tso_oasis_becter, makhleb_altar_promises_db,
          lemuel_crystal_altar
D:6:      minmay_polygon_palace, layout_rooms,
          mainiacjoe_overflow_small_starburst,
          mainiacjoe_overflow_large_starburst, uniq_menkaure
D:7:      layout_cave_pools, minmay_temple_entry_antechambers
D:8:      layout_basic, mainiacjoe_overflow_alcove_4, kennysheep_mini_moat,
          serial_library_hellmonk_h_bend, uniq_maggie
Lair:1:   layout_regular_city
Lair:2:   layout_cave_pods, minmay_shoals_entry_lonely_mermaid
Lair:3:   layout_chaotic_city, minmay_snake_entry_six_corridors,
          chequers_serial_rivers_small_a, lemuel_fruit_tree
Lair:4:   layout_big_grid, minmay_slime_entry_pillars
Lair:5:   hangedman_lair_tendril_chambers, layout_long_grid,
          guppyfry_lair_end_dragon, ebering_ghost_xom,
          nicolae_quartered_pool_super, serial_bayou_shore_a

Skill      XL: |  1  2  3  4  5  6  7  8  9 10 11 12 |
---------------+-------------------------------------+-----
Alchemy        | 4 5 6 7 9 |  9.0
Spellcasting   | 3 4 5 6 |  6.0
Fire Magic     | 2 5 6 |  6.0
Fighting       | 1 8 11 13 14 | 14.0
Shields        | 3 7 9 |  9.1
Dodging        | |  1.5
Stealth        | |  3.0
Conjurations   | |  1.0

Action                     |  1- 3 |  4- 6 |  7- 9 | 10-12 || total
---------------------------+-------+-------+-------+-------++-------
  Melee: Unarmed           |     5 |       |       |       ||     5
         Dagger            |    10 |     2 |       |       ||    12
         Mace              |       |     7 |    44 |       ||    51
         Halberd           |       |       |       |    64 ||    64
         Spear             |       |       |       |   118 ||   118
   Cast: Sting             |    37 |    78 |    52 |     9 ||   176
         Mephitic Cloud    |     1 |       |       |    11 ||    12
         Olgreb's Toxic Ra |       |     3 |    22 |    45 ||    70
         Sticky Flame      |       |       |    25 |    89 ||   114
         Mercury Vapours   |       |       |       |     1 ||     1
         Cigotuvi's Dreadf |       |       |       |     1 ||     1
Ability: Spit Poison       |    32 |    28 |    19 |    19 ||    98
    Use: Scroll            |       |       |     1 |     1 ||     2
   Stab: Confused          |       |       |       |     7 ||     7
         Sleeping          |       |       |       |     4 ||     4
 Armour: Robe              |    20 |    55 |   109 |   187 ||   371
  Dodge: Dodged            |    21 |    41 |    72 |   100 ||   234
  Block: Buckler           |       |       |       |    39 ||    39

Table legend: (Time is in decaauts)
 A = Elapsed time spent in this place.
 B = Non-inter-level travel time spent in this place.
 C = Inter-level travel time spent in this place.
 D = Time resting spent in this place.
 E = Time spent auto-exploring this place.
 F = Levels seen in this place.
 G = Mean time per level.
                   A        B        C        D        E       F      G
               +--------+--------+--------+--------+--------+-----+--------+
         Total |  15207 |  14746 |    461 |    880 |  11592 |  13 | 1169.8 |
       Dungeon |   9704 |   9361 |    343 |    506 |   7235 |   8 | 1213.0 |
          Lair |   5503 |   5385 |    118 |    374 |   4356 |   5 | 1100.6 |
               +--------+--------+--------+--------+--------+-----+--------+

Top non-repeatable levels by time:
     D:6: 2000 daAuts
  Lair:3: 1715 daAuts
  Lair:2: 1654 daAuts
     D:2: 1572 daAuts
  Lair:1: 1511 daAuts
     D:5: 1142 daAuts
     D:7: 1129 daAuts
     D:8: 1048 daAuts
     D:4: 1029 daAuts
     D:1: 987 daAuts
     D:3: 794 daAuts
  Lair:4: 375 daAuts
  Lair:5: 246 daAuts
